| TOP OF THE 1ST |
|
Paris Cubs batting - Pitching for Chester Pirates : RHP Justin Rousell
|
|
Pitching: RHP Justin Rousell
|
|
|
Batting: SHB Jim Lloyd
|
0-0: Swinging Strike 0-1: Swinging Strike 0-2: Strikes out swinging
|
|
Batting: RHB Dave de Wolff
|
0-0: Ball 1-0: Ball 2-0: Ball 3-0: Called Strike 3-1: Base on Balls
|
|
Batting: RHB Jorge Lagunas
|
0-0: Ball 1-0: Swinging Strike 1-1: Called Strike 1-2: Strikes out swinging
|
|
Batting: RHB Bartolo Aguilar
|
0-0: Ball 1-0: Ball 2-0: Swinging Strike 2-1: Foul Ball, location: 2F 2-2: Fielders Choice at 2nd, 6-4 (Groundball, 6, EV 83.8 MPH)
|
| Top of the 1st over - 0 runs, 0 hits, 0 errors, 1 left on base; Paris 0 - Chester 0 |
| BOTTOM OF THE 1ST |
|
Chester Pirates batting - Pitching for Paris Cubs : RHP Robbie Schoen
|
|
Pitching: RHP Robbie Schoen
|
|
|
Batting: RHB Rusty Trader
|
0-0: Ball 1-0: Ground out U3 (Groundball, 34, EV 98.8 MPH)
|
|
Batting: LHB Chad Cutler
|
0-0: Called Strike 0-1: Swinging Strike 0-2: Ball 1-2: Strikes out looking
|
|
Batting: RHB Steve Terres
|
0-0: Called Strike 0-1: Ball 1-1: Foul Ball, location: 2F 1-2: Ball 2-2: Foul Ball, location: 2F 2-2: Foul Ball, location: 2F 2-2: Fly out, F8 (Flyball, 8RD, EV 87.5 MPH)
|
| Bottom of the 1st over - 0 runs, 0 hits, 0 errors, 0 left on base; Paris 0 - Chester 0 |
| TOP OF THE 2ND |
|
Paris Cubs batting - Pitching for Chester Pirates : RHP Justin Rousell
|
|
Batting: RHB Mike Stein
|
0-0: Ball 1-0: Swinging Strike 1-1: Ball 2-1: Swinging Strike 2-2: Ball 3-2: Foul Ball, location: 2F 3-2: Foul Ball, location: 2F 3-2: Base on Balls
|
|
Batting: RHB Dan Orozco
|
0-0: Ball 1-0: Reached on error, E5 (Groundball, 56S, EV 78.8 MPH) Mike Stein to second
|
|
Batting: RHB Steve Vint
|
0-0: Bunt missed! 0-1: Bunted foul 0-2: Bunted foul, Strikeout!
|
|
Batting: RHB Jorge Gonzalez
|
0-0: Ball 1-0: Reached on error, E5 (Groundball, 56S, EV 93.8 MPH) Mike Stein to third Dan Orozco to second
|
|
Batting: RHB Willie Rubio
|
0-0: Foul Ball, location: 2F 0-1: Ball 1-1: GRAND SLAM HOME RUN (Flyball, 9LD, EV 95.0 MPH), Distance : 358 ft
|
|
Batting: SHB Jim Lloyd
|
0-0: Foul Ball, location: 2F 0-1: Fly out, F9 (Flyball, 89S, EV 86.9 MPH)
|
|
Batting: RHB Dave de Wolff
|
0-0: Hit by Pitch
|
|
Batting: RHB Jorge Lagunas
|
0-0: Called Strike 0-1: Ball 1-1: Ball 2-1: Called Strike 2-2: Strikes out swinging
|
| Top of the 2nd over - 4 runs, 1 hit, 2 errors, 1 left on base; Paris 4 - Chester 0 |
| BOTTOM OF THE 2ND |
|
Chester Pirates batting - Pitching for Paris Cubs : RHP Robbie Schoen
|
|
Batting: RHB Dan Kurtz
|
0-0: Foul Ball, location: 2F 0-1: Called Strike 0-2: Ball 1-2: Ball 2-2: Ball 3-2: Strikes out looking
|
|
Batting: RHB Jon Solis
|
0-0: Called Strike 0-1: Ball 1-1: SINGLE (Line Drive, 34, EV 105.6 MPH)
|
|
Batting: LHB Damien Cohen
|
0-0: Called Strike 0-1: Called Strike 0-2: Foul Ball, location: 2F 0-2: Hit by Pitch Jon Solis to second
|
|
Batting: RHB Hector Barajas
|
0-0: Called Strike 0-1: Called Strike 0-2: Ball 1-2: Ball 2-2: Strikes out swinging
|
|
Batting: RHB Matt Derrien
|
0-0: Called Strike 0-1: Ball 1-1: Ball 2-1: Foul Ball, location: 2F 2-2: Ground out 4-3 (Groundball, 4, EV 87.5 MPH)
|
| Bottom of the 2nd over - 0 runs, 1 hit, 0 errors, 2 left on base; Paris 4 - Chester 0 |
| TOP OF THE 3RD |
|
Paris Cubs batting - Pitching for Chester Pirates : RHP Justin Rousell
|
|
Batting: RHB Bartolo Aguilar
|
0-0: Ball 1-0: Foul Ball, location: 2F 1-1: Called Strike 1-2: Foul Ball, location: 2F 1-2: Ball 2-2: Strikes out swinging
|
|
Batting: RHB Mike Stein
|
0-0: Ball 1-0: Foul Ball, location: 2F 1-1: Foul Ball, location: 2F 1-2: Strikes out swinging
|
|
Batting: RHB Dan Orozco
|
0-0: Foul Ball, location: 2F 0-1: Foul Ball, location: 2F 0-2: Ball 1-2: Foul Ball, location: 2F 1-2: Strikes out swinging
|
| Top of the 3rd over - 0 runs, 0 hits, 0 errors, 0 left on base; Paris 4 - Chester 0 |
| BOTTOM OF THE 3RD |
|
Chester Pirates batting - Pitching for Paris Cubs : RHP Robbie Schoen
|
|
Batting: LHB Kazuyoshi Ikeda
|
0-0: Ball 1-0: Called Strike 1-1: Ball 2-1: Ball 3-1: Foul Ball, location: 2F 3-2: Base on Balls
|
|
Batting: RHB Rusty Trader
|
0-0: Called Strike Kazuyoshi Ikeda steals 2nd, throwing error, E2 Kazuyoshi Ikeda to third 0-1: Called Strike 0-2: Ball 1-2: Ball 2-2: Strikes out swinging
|
|
Batting: LHB Chad Cutler
|
0-0: SINGLE (Groundball, 25, EV 74.4 MPH) (infield hit)
|
|
Batting: RHB Steve Terres
|
0-0: Ball 1-0: Fly out, F8 (Flyball, 8LXD, EV 96.9 MPH) Runner from 3rd tags up, SCORES, no throw by CF
|
|
Batting: RHB Dan Kurtz
|
0-0: Ball Chad Cutler is caught stealing 2nd base 2-4
|
| Bottom of the 3rd over - 1 run, 1 hit, 1 error, 0 left on base; Paris 4 - Chester 1 |
| TOP OF THE 4TH |
|
Paris Cubs batting - Pitching for Chester Pirates : RHP Justin Rousell
|
|
Batting: RHB Steve Vint
|
0-0: Called Strike 0-1: Ball 1-1: Called Strike 1-2: Strikes out swinging
|
|
Batting: RHB Jorge Gonzalez
|
0-0: Swinging Strike 0-1: Foul Ball, location: 2F 0-2: Ground out U3 (Groundball, 3S, EV 65.6 MPH)
|
|
Batting: RHB Willie Rubio
|
0-0: Called Strike 0-1: Swinging Strike 0-2: Ball 1-2: Foul Ball, location: 2F 1-2: Strikes out swinging
|
| Top of the 4th over - 0 runs, 0 hits, 0 errors, 0 left on base; Paris 4 - Chester 1 |
| BOTTOM OF THE 4TH |
|
Chester Pirates batting - Pitching for Paris Cubs : RHP Robbie Schoen
|
|
Batting: RHB Dan Kurtz
|
0-0: Called Strike 0-1: Called Strike 0-2: Ball 1-2: Ball 2-2: Foul Ball, location: 2F 2-2: Ball 3-2: Foul Ball, location: 2F 3-2: Ground out U3 (Groundball, 3, EV 88.1 MPH)
|
|
Batting: RHB Jon Solis
|
0-0: Ball 1-0: Foul Ball, location: 2F 1-1: Called Strike 1-2: Foul Ball, location: 2F 1-2: Foul Ball, location: 2F 1-2: Foul Ball, location: 9LSF, Error on foul ball, E9 1-2: SOLO HOME RUN (Flyball, 89XD, EV 108.8 MPH), Distance : 424 ft
|
|
Batting: LHB Damien Cohen
|
0-0: Called Strike 0-1: Foul Ball, location: 2F 0-2: Ball 1-2: Ball 2-2: Foul Ball, location: 2F 2-2: Strikes out swinging
|
|
Batting: RHB Hector Barajas
|
0-0: Ball 1-0: Ball 2-0: Ball 3-0: Base on Balls
|
|
Batting: RHB Matt Derrien
|
0-0: Ball 1-0: Ball 2-0: Called Strike 2-1: Called Strike 2-2: Foul Ball, location: 2F 2-2: Ball 3-2: Strikes out swinging
|
| Bottom of the 4th over - 1 run, 1 hit, 1 error, 1 left on base; Paris 4 - Chester 2 |
| TOP OF THE 5TH |
|
Paris Cubs batting - Pitching for Chester Pirates : RHP Justin Rousell
|
|
Batting: SHB Jim Lloyd
|
0-0: Ball 1-0: Ground out 4-3 (Groundball, 4S, EV 84.4 MPH)
|
|
Batting: RHB Dave de Wolff
|
0-0: Called Strike 0-1: Foul Ball, location: 2F 0-2: Foul Ball, location: 2F 0-2: Reached on error, E4 (Groundball, 4MS, EV 84.4 MPH)
|
|
Batting: RHB Jorge Lagunas
|
0-0: Ball 1-0: Called Strike 1-1: Ball 2-1: SINGLE (Line Drive, 4MD, EV 96.2 MPH) Dave de Wolff to second
|
|
Batting: RHB Bartolo Aguilar
|
0-0: Ball 1-0: Foul Ball, location: 2F 1-1: Fly out, F3 (Popup, 3F, EV 63.8 MPH)
|
|
Batting: RHB Mike Stein
|
0-0: Called Strike 0-1: 3-RUN HOME RUN (Flyball, 78XD, EV 108.8 MPH), Distance : 429 ft
|
|
Pitching: LHP Juan Hernandez
|
|
|
Batting: RHB Dan Orozco
|
0-0: Ball 1-0: Ball 2-0: Ball 3-0: Foul Ball, location: 2F 3-1: Foul Ball, location: 2F 3-2: Strikes out swinging
|
| Top of the 5th over - 3 runs, 2 hits, 1 error, 0 left on base; Paris 7 - Chester 2 |
| BOTTOM OF THE 5TH |
|
Chester Pirates batting - Pitching for Paris Cubs : RHP Robbie Schoen
|
|
Batting: LHB Kazuyoshi Ikeda
|
0-0: Ball 1-0: Swinging Strike 1-1: Ground out U3 (Groundball, 3L, EV 87.5 MPH)
|
|
Batting: RHB Rusty Trader
|
0-0: Called Strike 0-1: Foul Ball, location: 2F 0-2: Ball 1-2: Ball 2-2: Strikes out swinging
|
|
Batting: LHB Chad Cutler
|
0-0: Foul Ball, location: 2F 0-1: Foul Ball, location: 2F 0-2: Ground out 5-3 (Groundball, 6, EV 87.5 MPH)
|
| Bottom of the 5th over - 0 runs, 0 hits, 0 errors, 0 left on base; Paris 7 - Chester 2 |
| TOP OF THE 6TH |
|
Paris Cubs batting - Pitching for Chester Pirates : LHP Juan Hernandez
|
|
Batting: RHB Steve Vint
|
0-0: Ball 1-0: Swinging Strike 1-1: Called Strike 1-2: Strikes out swinging
|
|
Batting: RHB Jorge Gonzalez
|
0-0: Ball 1-0: Ball 2-0: Swinging Strike 2-1: Foul Ball, location: 2F 2-2: Ball 3-2: Strikes out swinging
|
|
Batting: RHB Willie Rubio
|
0-0: Ball 1-0: Ground out 4-3 (Groundball, 4, EV 78.1 MPH)
|
| Top of the 6th over - 0 runs, 0 hits, 0 errors, 0 left on base; Paris 7 - Chester 2 |
| BOTTOM OF THE 6TH |
|
Chester Pirates batting - Pitching for Paris Cubs : RHP Robbie Schoen
|
|
Batting: RHB Steve Terres
|
0-0: Foul Ball, location: 2F 0-1: Ball 1-1: Ball 2-1: Ball 3-1: Base on Balls
|
|
Batting: RHB Dan Kurtz
|
0-0: Called Strike 0-1: Ball 1-1: Called Strike 1-2: Ball 2-2: Ball 3-2: SINGLE (Groundball, 56S, EV 70.0 MPH) (infield hit) Steve Terres to second
|
|
Batting: RHB Jon Solis
|
0-0: Ball 1-0: Called Strike 1-1: Ball 2-1: Ball 3-1: Called Strike 3-2: Foul Ball, location: 2F 3-2: Grounds into double play, 3-6-1 (Groundball, 34, EV 103.8 MPH) Steve Terres to third
|
|
Pitching: LHP Jerry Tyson
|
|
|
Batting: LHB Damien Cohen
|
0-0: Ball 1-0: Foul Ball, location: 2F 1-1: 2-RUN HOME RUN (Flyball, 89XD, EV 115.0 MPH), Distance : 457 ft
|
|
Batting: RHB Hector Barajas
|
0-0: Called Strike 0-1: Ground out 6-3 (Groundball, 6, EV 90.6 MPH)
|
| Bottom of the 6th over - 2 runs, 2 hits, 0 errors, 0 left on base; Paris 7 - Chester 4 |
| TOP OF THE 7TH |
|
Paris Cubs batting - Pitching for Chester Pirates : LHP Juan Hernandez
|
|
Pitching: RHP Bill Gomez
|
|
|
Batting: SHB Jim Lloyd
|
0-0: Ball 1-0: Called Strike 1-1: Ball 2-1: SINGLE (Line Drive, 7S, EV 97.5 MPH)
|
|
Batting: RHB Dave de Wolff
|
0-0: Ball 1-0: Called Strike Jim Lloyd steals 2nd base 1-1: Swinging Strike 1-2: Ball 2-2: Ball 3-2: Strikes out looking
|
|
Batting: RHB Jorge Lagunas
|
0-0: Fly out, F2 (Popup, 3SF, EV 74.4 MPH)
|
|
Batting: RHB Bartolo Aguilar
|
0-0: Ball 1-0: Called Strike 1-1: Swinging Strike 1-2: Strikes out looking
|
| Top of the 7th over - 0 runs, 1 hit, 0 errors, 1 left on base; Paris 7 - Chester 4 |
| BOTTOM OF THE 7TH |
|
Chester Pirates batting - Pitching for Paris Cubs : LHP Jerry Tyson
|
|
Batting: RHB Matt Derrien
|
0-0: Ball 1-0: Ball 2-0: Ball 3-0: Base on Balls
|
|
Batting: LHB Kazuyoshi Ikeda
|
0-0: Swinging Strike 0-1: Ball 1-1: Swinging Strike 1-2: Ball 2-2: Foul Ball, location: 2F 2-2: Strikes out swinging
|
|
Batting: RHB Rusty Trader
|
0-0: Ball 1-0: Ball 2-0: Foul Ball, location: 2F 2-1: Ball 3-1: Base on Balls Matt Derrien to second
|
|
Pitching: RHP Brian Jarrett
|
|
|
Batting: LHB Chad Cutler
|
0-0: Swinging Strike 0-1: Fly out, F9 (Flyball, 89XD, EV 110.0 MPH) Runner from 2nd tags up, SAFE at 3rd, no throw by RF
|
|
Batting: RHB Steve Terres
|
0-0: Called Strike 0-1: Ball 1-1: Ball 2-1: Foul Ball, location: 2F 2-2: Ground out 4-3 (Groundball, 4, EV 78.8 MPH)
|
| Bottom of the 7th over - 0 runs, 0 hits, 0 errors, 2 left on base; Paris 7 - Chester 4 |
| TOP OF THE 8TH |
|
Paris Cubs batting - Pitching for Chester Pirates : RHP Bill Gomez
|
|
Pitching: RHP Pete Griesser
|
|
|
Batting: RHB Mike Stein
|
0-0: Swinging Strike 0-1: Ball 1-1: Ball 2-1: Called Strike 2-2: Ball 3-2: Strikes out looking
|
|
Batting: RHB Dan Orozco
|
0-0: Ball 1-0: Called Strike 1-1: Called Strike 1-2: Strikes out swinging
|
|
Batting: RHB Steve Vint
|
0-0: Called Strike 0-1: Foul Ball, location: 2F 0-2: Foul Ball, location: 2F 0-2: Ball 1-2: Strikes out swinging
|
| Top of the 8th over - 0 runs, 0 hits, 0 errors, 0 left on base; Paris 7 - Chester 4 |
| BOTTOM OF THE 8TH |
|
Chester Pirates batting - Pitching for Paris Cubs : RHP Brian Jarrett
|
|
Batting: RHB Dan Kurtz
|
0-0: Ball 1-0: Ball 2-0: Ball 3-0: Called Strike 3-1: Base on Balls
|
|
Batting: RHB Jon Solis
|
0-0: Ball 1-0: Called Strike 1-1: Ball 2-1: Foul Ball, location: 2F 2-2: Ball 3-2: Foul Ball, location: 2F 3-2: Fly out, F7 (Line Drive, 78M, EV 93.1 MPH)
|
|
Batting: LHB Damien Cohen
|
Pickoff Throw to First - Out! 1-3 0-0: Called Strike 0-1: Swinging Strike 0-2: Ball 1-2: Ball 2-2: Ball 3-2: Foul Ball, location: 2F 3-2: Foul Ball, location: 2F 3-2: Foul Ball, location: 2F 3-2: Strikes out swinging
|
| Bottom of the 8th over - 0 runs, 0 hits, 0 errors, 0 left on base; Paris 7 - Chester 4 |
| TOP OF THE 9TH |
|
Paris Cubs batting - Pitching for Chester Pirates : RHP Pete Griesser
|
|
Batting: RHB Jorge Gonzalez
|
0-0: Called Strike 0-1: Ball 1-1: Foul Ball, location: 2F 1-2: Ball 2-2: Foul Ball, location: 2F 2-2: SOLO HOME RUN (Flyball, 7LD, EV 97.5 MPH), Distance : 356 ft
|
|
Batting: RHB Willie Rubio
|
0-0: Ball 1-0: Ball 2-0: Called Strike 2-1: Ball 3-1: Base on Balls
|
|
Batting: SHB Jim Lloyd
|
0-0: Called Strike 0-1: Foul Ball, location: 2F 0-2: Ball 1-2: Strikes out looking
|
|
Batting: RHB Dave de Wolff
|
0-0: Ball Willie Rubio steals 2nd base (no throw) 1-0: Fly out, F9 (Flyball, 9D, EV 103.8 MPH) Runner from 2nd tags up, SAFE at 3rd, no throw by RF
|
|
Batting: RHB Jorge Lagunas
|
0-0: Ball 1-0: Foul Ball, location: 2F 1-1: Called Strike 1-2: Foul Ball, location: 2F 1-2: Ball 2-2: Foul Ball, location: 2F 2-2: Strikes out swinging
|
| Top of the 9th over - 1 run, 1 hit, 0 errors, 1 left on base; Paris 8 - Chester 4 |
| BOTTOM OF THE 9TH |
|
Chester Pirates batting - Pitching for Paris Cubs : RHP Brian Jarrett
|
|
Batting: RHB Hector Barajas
|
0-0: Ball 1-0: Ball 2-0: Ball 3-0: Base on Balls
|
|
Batting: RHB Matt Derrien
|
0-0: Called Strike 0-1: Ball 1-1: Ball 2-1: Reached on error, E5 (Groundball, 5, EV 78.8 MPH) Hector Barajas to second
|
|
Batting: LHB Kazuyoshi Ikeda
|
0-0: Fly out, F8 (Flyball, 8LM, EV 95.0 MPH)
|
|
Batting: RHB Rusty Trader
|
0-0: Called Strike 0-1: Swinging Strike 0-2: Ball 1-2: Ball 2-2: Strikes out swinging
|
|
Batting: LHB Chad Cutler
|
0-0: Called Strike 0-1: Ball Passed Ball! Hector Barajas to third Matt Derrien to second 1-1: Ground out 6-3 (Groundball, 6, EV 97.5 MPH)
|
| Bottom of the 9th over - 0 runs, 0 hits, 1 error, 2 left on base; Paris 8 - Chester 4 |
|